 Dungeon Crawl Stone Soup version 0.24-a0-284-g9fb9971 (webtiles) character file.

Game seed: 11138179938961885396

401914 mhoghedin the Warrior (level 21, 0/189 HPs)
             Began as a Demigod Necromancer on May 6, 2019.
             Slain by a spriggan defender
             ... wielding a +5 rapier of flaming
             ... led by the Enchantress
              (2 damage)
             ... on level 1 of the Depths.
             The game lasted 03:37:55 (54047 turns).

mhoghedin the Warrior (Demigod Necromancer)        Turns: 54047, Time: 03:37:55

Health: 0/189      AC: 23    Str: 19    XL:     21   Next: 6%
Magic:  0/41       EV: 19    Int: 40    God:
Gold:   953        SH:  7    Dex: 12    Spells: 1/41 levels left

rFire    + . .     SeeInvis +   a - +4 demon whip of Strategic Superiority {drain, rElec Int+7 Dex-4 Stlth+}
rCold    + + .     Gourm    .   x - +3 buckler {AC+3}
rNeg     . . .     Faith    .   Y - +3 troll leather armour {regen}
rPois    .         Spirit   +   M - +0 helmet "Damnable Contraption" {rC+ Str+4 Slay+3}
rElec    +         Reflect  .   t - +2 cloak
rCorr    .         Harm     .   N - +3 pair of gauntlets of War {Slay+5}
MR       +++..                  A - +2 pair of boots {run}
Stlth    ++........             h - amulet of Wukkuju {Spirit rElec rF+ rC+ Str+4}
HPRegen  0.81/turn              o - ring of protection from magic {MR+, !d}
MPRegen  0.27/turn              D - ring of see invisible {sInv, !d}

@: about to teleport, death channel, very slightly contaminated, drained,
deflect missiles, quick
A: talons 1, high mp 1, MP-powered wands
}: 3/15 runes: serpentine, barnacled, silver
a: no special abilities


You were on level 1 of the Depths.
You were not hungry.

You visited 8 branches of the dungeon, and saw 40 of its levels.

You collected 5662 gold pieces.
You spent 4709 gold pieces at shops.

Inventory:

Hand Weapons
 a - the +4 demon whip of Strategic Superiority (weapon) {drain, rElec Int+7 Dex-4 Stlth+}
   (You bought it in a shop on level 1 of the Elven Halls)

   A truly terrible weapon, it drains the life of those it strikes.
   It affects your intelligence (+7).
   It affects your dexterity (-4).
   It insulates you from electricity.
   It makes you more stealthy.
Armour
 t - a +2 cloak (worn)
   (You found it on level 4 of the Dungeon)
 x - a +3 buckler of protection (worn)
   (You bought it in a shop on level 1 of the Snake Pit)
 A - a +2 pair of boots of running (worn)
   (You acquired it on level 5 of the Vaults)
 M - the +0 helmet "Damnable Contraption" (worn) {rC+ Str+4 Slay+3}
   (You found it on level 2 of the Elven Halls)

   It affects your strength (+4).
   It affects your accuracy and damage with ranged weapons and melee attacks
   (+3).
   It protects you from cold.
 N - the +3 pair of gauntlets of War (worn) {Slay+5}
   (You found it on level 3 of the Elven Halls)

   It affects your accuracy and damage with ranged weapons and melee attacks
   (+5).
 Y - a +3 troll leather armour (worn) {regen}
   (You found it on level 1 of the Orcish Mines)
Magical Staves
 b - an uncursed staff of energy {@w1+MP, hungerless spells, !d!a}
   (You took it off a deep elf demonologist on level 5 of the Vaults)
Jewellery
 h - the amulet of Wukkuju (around neck) {Spirit rElec rF+ rC+ Str+4}
   (You bought it in a shop on level 1 of the Elven Halls)

   [amulet of guardian spirit]

   It causes incoming damage to be split between your health and magic.
   It affects your strength (+4).
   It protects you from fire.
   It protects you from cold.
   It insulates you from electricity.
 o - a ring of protection from magic (left hand) {MR+, !d}
   (You found it on level 2 of the Dungeon)
 y - a +3 ring of strength
   (You found it on level 1 of the Depths)
 D - a ring of see invisible (right hand) {sInv, !d}
   (You took it off a crimson imp on level 6 of the Dungeon)
 J - an uncursed ring of protection from magic {MR+, !d}
   (You took it off an ironheart preserver on level 5 of the Vaults)
Wands
 l - a wand of polymorph (12)
   (You found it on level 12 of the Dungeon)
 q - a wand of scattershot (5)
   (You found it on level 15 of the Dungeon)
 B - a wand of disintegration (27)
   (You found it on level 6 of the Lair of Beasts)
 C - a wand of digging (23)
   (You found it on level 6 of the Dungeon)
Scrolls
 i - 19 scrolls of remove curse
 k - 7 scrolls of immolation {!r}
 m - 5 scrolls of blinking {!r}
 n - 4 scrolls of teleportation
 r - 2 scrolls of amnesia
 s - 2 scrolls of fear
 z - a scroll of magic mapping {!r}
 H - 3 scrolls of vulnerability {!r!r}
 I - 3 scrolls of silence
 K - a scroll of summoning
 L - 2 scrolls of enchant armour
 O - 2 scrolls of holy word {!r}
 W - a scroll of fog
Potions
 d - 4 potions of mutation {!q}
 e - 7 potions of agility
 f - 8 potions of might
 j - 2 potions of resistance
 p - 5 potions of curing
 u - 7 potions of lignification {!q}
 w - 4 potions of brilliance
 F - 2 potions of flight
 P - 2 potions of ambrosia
 R - 3 potions of cancellation
Miscellaneous
 g - a lamp of fire
   (You found it on level 3 of the Elven Halls)
 v - a crystal ball of energy
   (You bought it in a shop on level 1 of the Snake Pit)
 E - a box of beasts
 T - a lightning rod (4/4)
   (You found it on level 2 of the Lair of Beasts)
 V - a phial of floods
   (You found it on level 6 of the Lair of Beasts)
Comestibles
 c - 32 rations


   Skills:
 - Level 16.7(15.2) Fighting
 - Level 12.0(10.6) Maces & Flails
 - Level 7.1(5.9) Armour
 - Level 15.7(14.3) Dodging
 - Level 1.7(0.7) Stealth
 - Level 4.0(2.9) Shields
 - Level 10.7(9.4) Spellcasting
 - Level 5.2(4.1) Hexes
 - Level 8.0(6.8) Charms
   Level 5.6(4.4) Summonings
 + Level 14.2(12.8) Necromancy
 + Level 2.7(1.6) Ice Magic
 - Level 9.4(8.2) Air Magic
 - Level 7.0(5.9) Earth Magic
 - Level 10.8(9.5) Evocations


You had one spell level left.
You knew the following spells:

 Your Spells              Type           Power        Failure   Level  Hunger
a - Borgnjor's Vile Clut  Necr/Erth      #######...   1%          5    ##.....
b - Animate Dead          Necr           N/A          1%          4    None
c - Silence               Hex/Air        ######....   5%          5    ##.....
d - Death Channel         Necr           #######...   1%          6    ####...
e - Deflect Missiles      Chrm/Air       ######....   17%         6    ####...
f - Simulacrum            Ice/Necr       ######....   19%         6    ####...
m - Sublimation of Blood  Necr           #######...   1%          2    None
r - Regeneration          Chrm/Necr      #######...   1%          3    None
x - Vampiric Draining     Necr           #######...   1%          3    None

Your spell library contained the following spells:

 Spells                   Type           Power        Failure   Level  Hunger
 Animate Skeleton         Necr           N/A          0%          1    None
 Pain                     Necr           ####         0%          1    None
 Confusing Touch          Hex            ######       1%          1    None
 Corona                   Hex            ######.      1%          1    None
 Freeze                   Ice            ####         1%          1    None
 Sandblast                Erth           ######       1%          1    None
 Summon Butterflies       Summ           ######..     1%          1    None
 Summon Small Mammal      Summ           ####         1%          1    None
 Apportation              Tloc           ###...       2%          1    None
 Magic Dart               Conj           ###.         2%          1    None
 Sting                    Conj/Pois      ###.         2%          1    None
 Call Imp                 Summ           ######..     1%          2    None
 Corpse Rot               Necr           N/A          1%          2    None
 Ensorcelled Hibernation  Hex/Ice        #####.       1%          2    None
 Passwall                 Tmut/Erth      #####...     1%          2    None
 Poisonous Vapours        Pois/Air       ######       1%          2    None
 Swiftness                Chrm/Air       ######..     1%          2    None
 Call Canine Familiar     Summ           ######..     1%          3    None
 Confuse                  Hex            ######..     1%          3    None
 Ozocubu's Armour         Chrm/Ice       ######..     1%          3    None
 Summon Guardian Golem    Hex/Summ       ######..     1%          3    None
 Tukima's Dance           Hex            ######..     1%          3    None
 Summon Lightning Spire   Summ/Air       ######..     1%          4    None
 Agony                    Necr           #######.     1%          5    ##.....
 Dispel Undead            Necr           #######.     1%          5    ##.....
 Excruciating Wounds      Chrm/Necr      #######...   1%          5    ##.....
 Throw Frost              Conj/Ice       ####..       2%          2    None
 Mephitic Cloud           Conj/Pois/Air  #####...     2%          3    None
 Stone Arrow              Conj/Erth      #####.       2%          3    None
 Searing Ray              Conj           ###...       3%          2    None
 Dazzling Spray           Conj/Hex       #####.       3%          3    None
 Portal Projectile        Hex/Tloc       #####.       3%          3    None
 Recall                   Summ/Tloc      N/A          3%          3    None
 Leda's Liquefaction      Hex/Erth       ######....   3%          4    None
 Cause Fear               Hex            ######....   4%          4    None
 Bolt of Draining         Conj/Necr      ######....   4%          5    ##.....
 Lee's Rapid Deconstruct  Erth           ######....   6%          5    ##.....
 Summon Ice Beast         Ice/Summ       #####...     7%          4    None
 Conjure Flame            Conj/Fire      ###.....     8%          3    None
 Gell's Gravitas          Tloc           ###.......   8%          3    None
 Lesser Beckoning         Tloc           ###.......   8%          3    None
 Petrify                  Tmut/Erth      #####...     8%          4    None
 Fulminant Prism          Conj/Hex       #####.....   11%         4    None
 Summon Mana Viper        Hex/Summ       ######..     12%         5    ##.....
 Throw Icicle             Conj/Ice       ####....     17%         4    None
 Metabolic Englaciation   Hex/Ice        #####.....   21%         5    ##.....
 Force Lance              Conj/Tloc      ###.....     24%         4    None
 Iskenderun's Mystic Bla  Conj           ###.....     24%         4    None
 Olgreb's Toxic Radiance  Pois           ###.....     24%         4    None
 Passage of Golubria      Tloc           N/A          24%         4    None
 Summon Forest            Summ/Tloc      #####.....   26%         5    ##.....
 Yara's Violent Unravell  Hex/Tmut       #####.....   28%         5    ##.....
 Alistair's Intoxication  Tmut/Pois      ###.....     56%         5    ##.....
 Irradiate                Conj/Tmut      ###.......   56%         5    ##.....
 Venom Bolt               Conj/Pois      ###.......   56%         5    ##.....
 Conjure Ball Lightning   Conj/Air       ######....   56%         6    ####...
 Darkness                 Hex            ######....   56%         6    ####...
 Invisibility             Hex            ######..     56%         6    ####...
 Freezing Cloud           Conj/Ice/Air   #####.....   67%         6    ####...
 Statue Form              Tmut/Erth      #####....    75%         6    ####...
 Summon Hydra             Summ           ######....   97%         7    ######.
 Dispersal                Tloc           ###.......   98%         6    ####...
 Hydra Form               Tmut           ###.......   98%         6    ####...
 Poison Arrow             Conj/Pois      ###.......   98%         6    ####...
 Ring of Flames           Chrm/Fire      #####.....   99%         7    ######.
 Dragon Form              Tmut           ###.......   100%        7    ######.
 Chain Lightning          Conj/Air       ######....   100%        8    #######
 Controlled Blink         Tloc           N/A          100%        8    #######
 Discord                  Hex            ######....   100%        8    #######
 Disjunction              Tloc           ###.......   100%        8    #######
 Lehudib's Crystal Spear  Conj/Erth      #####.....   100%        8    #######
 Fire Storm               Conj/Fire      ###.......   100%        9    #######
 Glaciate                 Conj/Ice       ####......   100%        9    #######
 Tornado                  Air            ######....   100%        9    #######


Dungeon Overview and Level Annotations

Branches:
Dungeon (15/15)            Temple (0/1) D:6            Lair (6/6) D:11
 Shoals (4/4) Lair:2        Snake (4/4) Lair:3        Slime (0/5) Lair:6
    Orc (2/2) D:12            Elf (3/3) Orc:2        Vaults (5/5) D:14
  Crypt (0/3) Vaults:2     Depths (1/5) D:15

Shops:
D:8 [   D:15 %   Orc:2 [(:=   Elf:1 =%*(   Elf:3 ?:   Shoals:1 ?   Shoals:2 !
Shoals:3 }   Snake:1 }*[   Depths:1 ![

Portals:
Trove: D:13 (give 8 potions of agility)

Annotations:
D:8 Prince Ribbit
D:13 1 runed translucent door, no0bjke's ghost, journeyman GrFi
D:14 Roxanne
Lair:3 1 runed translucent door, Jegg's ghost, journeyman OpFi
Vaults:1 3 runed translucent doors, Moutitz's ghost, adept MiFi
Depths:1 the Enchantress


Innate Abilities, Weirdness & Mutations

You have an increased reservoir of magic. (+10% MP)
You have sharp toenails.
You expend magic power (3 MP) to strengthen your wands.


Message History

Your spectral ugly thing hits the spriggan defender but does no damage.
The spriggan air mage waves its arms in wide circles.
The air twists around and strikes you!
* * * LOW HITPOINT WARNING * * *
You take 7 damage, and have 44/189 hp.
You now have 3/41 mp.
Unknown command.
Unknown command.
Unknown command.
As you read the scroll of teleportation, it crumbles to dust.
You feel strangely unstable.
The spriggan defender blocks your ugly thing simulacrum's attack.
The spriggan air mage waves its arms in wide circles.
The air twists around and strikes you!
* * * LOW HITPOINT WARNING * * *
You take 10 damage, and have 34/189 hp.
You now have 2/41 mp.
You feel much better.
The Enchantress hits you with a +1 rapier of draining!
* * * LOW HITPOINT WARNING * * *
You feel drained.
* * * LOW HITPOINT WARNING * * *
The spriggan defender hits your ugly thing simulacrum with a +2 lajatang of electrocution!!
The spriggan defender hits you with a +5 rapier of flaming!
* * * LOW HITPOINT WARNING * * *
The Enchantress completely misses you.
The spriggan defender hits your spectral spriggan with a +2 flail of protection.
Your spectral spriggan hits the Enchantress.
The spriggan defender misses you.
Your skin stops crawling.
The Enchantress hits you with a +1 rapier of draining!!
* * * LOW HITPOINT WARNING * * *
You feel drained.
* * * LOW HITPOINT WARNING * * *
The spriggan defender blocks your spectral spriggan's attack.
The spriggan air mage waves its arms in wide circles.
The air twists around and strikes you!
* * * LOW HITPOINT WARNING * * *
You take 31 damage, and have 5/189 hp.
You now have 1/41 mp.
You feel better.
The Enchantress hits you with a +1 rapier of draining.
* * * LOW HITPOINT WARNING * * *
You feel drained.
* * * LOW HITPOINT WARNING * * *
The spriggan defender blocks your spectral spriggan's attack.
The spriggan air mage hits your ugly thing simulacrum.
You regained 5 hp, and now have 10/189 hp.
You feel better.
Your surroundings suddenly seem different.
You regained 6 hp, and now have 16/189 hp.
You start resting.
The spriggan defender is too close now for your liking.
You regained 8 hp, and now have 27/189 hp.
You regained 2 mp, and now have 5/41 mp.
You start resting.
The spriggan defender is too close now for your liking.
The spriggan defender hits your spectral spriggan with a +5 rapier of flaming!!
The spriggan defender burns your spectral spriggan.
What are your orders? t - Shout!
Orders for allies: a - Attack new target. r - Retreat! s - Stop attacking. g - Guard the area. f - Follow me.
Anything else - Cancel.
Gang up on whom?
Aim: a spriggan defender, wielding a +5 rapier of flaming, wearing a +0 robe and wearing a +0 buckler Attack!
The spriggan defender blocks your spectral spriggan's attack.
The spriggan defender hits your spectral spriggan with a +5 rapier of flaming!!
The spriggan defender burns your spectral spriggan.
Your spectral spriggan is destroyed!
You hear a horrible gurgling sound!
Okay, then.
Unknown command.
As you read the scroll of fear, it crumbles to dust.
You assume a fearsome visage.
The spriggan defender resists with some effort.
As you read the scroll of fear, it crumbles to dust.
You assume a fearsome visage.
The spriggan defender resists with almost no effort.
The spriggan air mage easily resists.
The spriggan defender hits you with a +5 rapier of flaming.
* * * LOW HITPOINT WARNING * * *
The spriggan defender burns you.
* * * LOW HITPOINT WARNING * * *
The spriggan defender hits you with a +5 rapier of flaming!
* * * LOW HITPOINT WARNING * * *
The spriggan defender burns you.
* * * LOW HITPOINT WARNING * * *
You take 15 damage, and have 18/189 hp.
You now have 5/41 mp.
As you read the scroll of teleportation, it crumbles to dust.
You feel strangely unstable.
The spriggan defender hits you with a +5 rapier of flaming!
* * * LOW HITPOINT WARNING * * *
The spriggan defender burns you.
* * * LOW HITPOINT WARNING * * *
You take 7 damage, and have 11/189 hp.
You now have 3/41 mp.
You feel better.
The spriggan defender hits you with a +5 rapier of flaming!!
* * * LOW HITPOINT WARNING * * *
The spriggan defender burns you.
You die...

. .# ..#.
#####....
#........
#........
####........
#..i@.# #Z###..#
#.# #.... ###.###
#..... ###.i.###
.i... ###..#..###
..?. ###.......###
...
###....∩....###...
##...........##


You could see a spriggan defender, a spriggan air mage and a friendly spectral
ugly thing.

Vanquished Creatures
  An ancient lich (Vaults:5)
  Boris (Vaults:3)
  Sojobo (Vaults:5)
  Bai Suzhen (Vaults:4)
  Margery (Vaults:5)
  Saint Roka (Vaults:3)
  A golden dragon (Vaults:5)
  A bone dragon (Vaults:2)
  3 tentacled monstrosities
  Jorgrun (Orc:1)
  A titan (Vaults:5)
  Asterion (Snake:2)
  A deep elf master archer (Elf:3)
  A quicksilver dragon (Vaults:5)
  2 deep elf blademasters (Elf:3)
  A sphinx (Vaults:5)
  Kirke (D:12)
  5 tengu reavers
  2 storm dragons (Vaults:5)
  Agnes (Snake:2)
  3 nagarajas
  4 deep elf sorcerers (Elf:3)
  2 frost giants
  6 vault wardens
  An iron dragon (Vaults:5)
  An orc warlord (Orc:1)
  A war gargoyle (Vaults:5)
  7 ironheart preservers
  4 very ugly things (Vaults:5)
  12 stone giants
  6 deep elf demonologists
  2 deep elf annihilators (Elf:3)
  5 deep elf death magi (Elf:3)
  A merfolk javelineer (Shoals:4)
  9 ettins
  2 fire dragons
  2 merfolk impalers
  Josephine (D:14)
  3 deep elf high priests
  7 yaktaur captains
  The ghost of Ratty the Traitor, a journeyman MiFi of Yredelemnul (D:11)
  16 vault guards
  5 hydras
  2 great orbs of eyes
  7 centaur warriors
  3 naga warriors
  A rakshasa (Vaults:3)
  A spriggan air mage (Depths:1)
  A merfolk avatar (Lair:6)
  4 anacondas
  A catoblepas (Lair:5)
  Erica (Orc:1)
  2 merfolk aquamancers (Shoals:4)
  21 dancing weapons
  3 ogre magi
  24 two-headed ogres
  3 death knights
  3 deep troll earth magi
  4 orc high priests (Orc:2)
  A vampire mage (Depths:1)
  A shock serpent (Snake:3)
  7 naga sharpshooters
  Nergalle (D:10)
  17 deep elf knights
  A salamander mystic (Snake:2)
  5 skeletal warriors
  2 flayed ghosts
  2 hell knights (Vaults:5)
  2 unseen horrors
  2 wizards (D:15)
  A naga ritualist (Snake:3)
  9 deep trolls
  4 sea snakes
  13 ironbrand convokers
  17 deep elf archers
  A phantasmal warrior (D:15)
  Pikel (D:7)
  A harpy (shapeshifter) (Vaults:3)
  7 harpies
  A mana viper (shapeshifter) (D:14)
  2 wolf spiders
  25 ugly things
  5 mana vipers
  77 deep elf magi
  2 necromancers
  12 orc knights
  4 manticores
  2 fauns (Shoals:2)
  An oklob plant (Lair:1)
  6 orc sorcerers
  10 cyclopes
  6 salamanders
  A shining eye (Snake:3)
  16 black mambas
  9 elephants
  2 guardian serpents
  3 merfolk sirens
  A storm dragon simulacrum (Vaults:4)
  4 vault sentinels
  Psyche (D:9)
  5 spiny frogs
  6 naga magi
  5 centaur skeletons (D:15)
  A gargoyle (D:14)
  4 rime drakes
  28 yaktaurs
  A redback zombie (D:15)
  5 komodo dragons
  8 freezing wraiths
  3 kobold demonologists (D:15)
  7 trolls
  7 merfolk
  A meliai (shapeshifter) (Elf:3)
  4 wind drakes
  5 hornets
  Grinder (D:6)
  A polar bear (Lair:6)
  5 blink frogs
  2 hippogriffs (shapeshifter)
  10 hippogriffs
  A snapping turtle (Shoals:2)
  11 slime creatures
  4 dream sheep (Lair:6)
  7 water elementals
  6 wraiths
  A shadow (D:15)
  A yak (shapeshifter) (D:15)
  2 vampires
  4 spriggans (Depths:1)
  2 wyverns
  3 fire elementals
  A basilisk (D:11)
  45 yaks
  A basilisk (shapeshifter) (Vaults:4)
  A human (shapeshifter) (Vaults:3)
  3 vampire mosquitoes (D:14)
  2 hungry ghosts
  8 wargs
  11 nagas
  A soldier ant (D:15)
  A swamp worm (shapeshifter) (Vaults:5)
  10 water moccasins
  4 porcupines
  37 orc warriors
  2 sky beasts
  Duvessa (D:4)
  2 swamp drakes
  8 ice beasts
  3 phantoms
  A necrophage (D:9)
  An eye of draining (D:13)
  5 black bears
  29 wolves
  12 boggarts
  23 ogres
  14 centaurs
  17 crocodiles
  5 big kobolds
  14 bullfrogs
  3 earth elementals
  Dowan (D:4)
  7 scorpions
  A wyvern skeleton (D:10)
  9 killer bees
  6 wights (D:11)
  5 crimson imps
  8 howler monkeys
  2 centaur zombies
  2 quasits
  2 bullfrog zombies
  5 jellies
  9 hounds
  37 orc wizards
  21 orc priests
  5 iguanas
  2 hell rats (Lair:5)
  A worker ant (shapeshifter) (Vaults:5)
  10 worker ants
  A killer bee zombie (D:3)
  A hound skeleton (D:9)
  8 gnolls
  10 adders
  3 shadow imps
  2 white imps (Vaults:3)
  An adder zombie (D:7)
  An adder skeleton (D:4)
  2 worms (D:2)
  A dart slug (D:3)
  3 leopard geckos
  125 orcs
  4 giant cockroaches
  5 goblins
  6 hobgoblins
  25 jackals
  18 kobolds
  2 quokkas
  A ball python (D:3)
  6 bats
  6 frilled lizards
  A leopard gecko zombie (D:7)
  A quokka skeleton (D:8)
  2 quokka zombies
  9 rats
  2 crawling corpses
  2 plants (Lair:1)
1292 creatures vanquished.

Vanquished Creatures (collateral kills)
  An ancient lich (Vaults:5)
  Boris (Vaults:4)
  Vashnia (Snake:2)
  A tentacled monstrosity (Vaults:5)
  A lich (Depths:1)
  The ghost of Sassenached the Impaler, an adept DsCK of Xom (Vaults:3)
  A quicksilver dragon (Vaults:5)
  A deep elf master archer (Elf:3)
  4 titans (Vaults:5)
  Polyphemus (Shoals:4)
  2 shadow dragons (Vaults:5)
  A sphinx (Vaults:5)
  2 tengu reavers (Vaults:5)
  A storm dragon (Vaults:5)
  6 nagarajas
  3 frost giants
  A deep elf sorcerer (Vaults:5)
  A deep elf elementalist (Elf:3)
  4 vault wardens
  4 ironheart preservers
  5 stone giants
  2 war gargoyles (Vaults:5)
  A very ugly thing (Vaults:5)
  2 deep elf demonologists
  A deep elf annihilator (Elf:3)
  2 ettins
  A merfolk javelineer (Shoals:4)
  A crystal guardian (Vaults:4)
  A deep elf death mage (Elf:3)
  A fire dragon (Depths:1)
  6 merfolk impalers
  7 ogre magi
  A deep elf high priest (Vaults:5)
  6 yaktaur captains
  A rakshasa (Vaults:3)
  A great orb of eyes (Depths:1)
  2 merfolk aquamancers (Shoals:4)
  9 vault guards (Vaults:5)
  An ice dragon (Vaults:5)
  6 naga warriors
  2 merfolk avatars
  2 centaur warriors
  7 two-headed ogres
  2 catoblepae
  2 anacondas
  2 alligator snapping turtles (Shoals:4)
  3 death yaks
  5 dancing weapons
  A satyr (Shoals:2)
  11 naga sharpshooters
  A tengu warrior (Depths:1)
  5 shock serpents
  2 hell knights (Vaults:5)
  5 deep elf knights
  A small abomination (Elf:3)
  13 sea snakes
  A flayed ghost (Depths:1)
  2 naga ritualists (Snake:4)
  A wizard (D:14)
  12 harpies
  2 deep elf archers (Elf:3)
  4 deep trolls
  5 ironbrand convokers
  An orc knight (Vaults:5)
  2 mana vipers (Snake:3)
  9 cyclopes
  2 wolf spiders
  12 deep elf magi
  9 manticores
  A human zombie (Vaults:4)
  4 ugly things
  4 salamanders
  6 fauns
  5 elephants
  4 merfolk sirens
  2 vault sentinels
  A water nymph (Shoals:4)
  12 black mambas
  8 naga magi
  A guardian serpent (Snake:1)
  2 centaur skeletons (D:15)
  A spiny frog (Lair:6)
  6 komodo dragons
  A freezing wraith (D:15)
  4 rime drakes
  8 yaktaurs
  13 merfolk
  2 polar bears (Lair:6)
  6 wind drakes
  A hornet (Lair:6)
  4 blink frogs
  7 slime creatures
  8 snapping turtles
  5 dream sheep
  A hippogriff (D:13)
  9 water elementals
  2 spriggans (Depths:1)
  14 yaks
  2 wyverns (Lair:6)
  A spriggan (shapeshifter) (Vaults:3)
  40 nagas
  4 water moccasins
  A floating eye (shapeshifter) (Vaults:4)
  A porcupine (Lair:2)
  An ice beast (D:11)
  14 orc warriors
  A boggart (Lair:6)
  A black bear (Lair:6)
  6 centaurs
  3 ogres
  11 wolves
  A bullfrog (Lair:1)
  An electric eel (Elf:3)
  A wight (D:11)
  A human simulacrum (Vaults:3)
  7 orc priests
  2 orc wizards (Orc:2)
  2 hell rats (Lair:5)
  31 orcs
  2 kobolds (D:15)
  A bush (Shoals:2)
  4 crawling corpses
  17 fungi
  37 plants
556 creatures vanquished.

Vanquished Creatures (others)
  A merfolk aquamancer (Shoals:4)
  A deep troll (Vaults:4)
  A necromancer (Vaults:4)
  A mana viper (Snake:2)
  A cyclops (Shoals:2)
  A human skeleton (Vaults:4)
  A water elemental (Elf:2)
  2 humans (D:13)
  Menkaure (D:7)
  3 nagas
  A boggart (Vaults:2)
  A killer bee (D:13)
  A quasit (D:7)
  4 bushes (D:11)
  12 fungi
  36 plants
68 creatures vanquished.

Grand Total: 1916 creatures vanquished

Notes
Turn   | Place    | Note
-------+----------+-------------------------------------------
     0 | D:1      | mhoghedin the Demigod Necromancer began the quest for the
                  | Orb.
     0 | D:1      | Reached XP level 1. HP: 14/14 MP: 5/5
   314 | D:1      | Reached skill level 2 in Spellcasting
   790 | D:1      | Reached XP level 2. HP: 20/20 MP: 7/7
  1427 | D:2      | Reached skill level 1 in Maces & Flails
  1439 | D:2      | Reached skill level 1 in Fighting
  1478 | D:2      | Reached XP level 3. HP: 17/28 MP: 5/8
  1862 | D:2      | Reached skill level 2 in Fighting
  1862 | D:2      | Reached skill level 2 in Maces & Flails
  1869 | D:2      | HP: 7/29 [poisoned by an adder]
  1876 | D:2      | HP: 6/29 [poisoned by an adder]
  2035 | D:2      | Reached XP level 4. HP: 24/36 MP: 9/9
  2317 | D:2      | Learned a level 1 spell: Animate Skeleton
  2321 | D:2      | Learned a level 3 spell: Vampiric Draining
  3407 | D:3      | Reached XP level 5. HP: 41/42 MP: 10/10
  3761 | D:4      | Reached skill level 3 in Fighting
  3761 | D:4      | Reached skill level 3 in Maces & Flails
  3898 | D:4      | Reached XP level 6. HP: 42/51 MP: 12/12
  4107 | D:4      | Reached skill level 1 in Evocations
  4602 | D:4      | Noticed Duvessa
  4602 | D:4      | Noticed Dowan
  4615 | D:4      | Killed Duvessa
  4617 | D:4      | Killed Dowan
  4617 | D:4      | Reached skill level 4 in Fighting
  4617 | D:4      | Reached skill level 4 in Maces & Flails
  4617 | D:4      | Reached skill level 2 in Evocations
  4814 | D:5      | Entered Level 5 of the Dungeon
  4891 | D:5      | Reached XP level 7. HP: 59/59 MP: 13/13
  5450 | D:6      | Reached skill level 3 in Evocations
  5571 | D:6      | Noticed Grinder
  5577 | D:6      | Killed Grinder
  5577 | D:6      | Reached skill level 4 in Necromancy
  5622 | D:6      | Learned a level 3 spell: Regeneration
  5661 | D:6      | Found a staircase to the Ecumenical Temple.
  5678 | D:6      | Reached skill level 3 in Spellcasting
  5678 | D:6      | Reached XP level 8. HP: 61/67 MP: 15/15
  5794 | D:6      | Reached skill level 5 in Necromancy
  5799 | D:6      | HP: 15/67 [centaur/+0 scythe (2)]
  5801 | D:6      | Reached skill level 1 in Charms
  5806 | D:6      | HP: 15/67 [poisoned by a scorpion]
  5837 | D:6      | Learned a level 4 spell: Animate Dead
  6506 | D:7      | Reached skill level 4 in Spellcasting
  6506 | D:7      | Reached skill level 2 in Charms
  6513 | D:7      | Noticed Pikel
  6516 | D:7      | Noticed Menkaure
  6541 | D:7      | Reached skill level 5 in Maces & Flails
  6546 | D:7      | Killed Pikel
  6546 | D:7      | Reached skill level 5 in Fighting
  6546 | D:7      | Reached skill level 2 in Dodging
  6550 | D:7      | Killed Menkaure
  6550 | D:7      | Reached skill level 3 in Dodging
  6640 | D:7      | Reached XP level 9. HP: 74/74 MP: 18/18
  7006 | D:8      | Reached skill level 6 in Maces & Flails
  7051 | D:8      | Reached skill level 6 in Fighting
  7232 | D:8      | Reached skill level 4 in Dodging
  7254 | D:8      | Noticed Prince Ribbit
  7393 | D:8      | Gained mutation: You have sharp toenails. [potion of
                  | mutation]
  7393 | D:8      | Gained mutation: You expend magic power (3 MP) to
                  | strengthen your wands. [potion of mutation]
  7402 | D:8      | HP: 25/112 [hippogriff (5)]
  7408 | D:8      | HP: 17/77 [something (1)]
  7413 | D:8      | HP: 16/77 [orc wizard/+0 dagger (2)]
  7848 | D:8      | Found Qihor Seur's Antique Armour Shop.
  8170 | D:8      | Found a burning altar of Makhleb.
  8170 | D:8      | Found an opulent altar of Gozag.
  8170 | D:8      | Found a glowing silver altar of Zin.
  8171 | D:8      | Found a snail-covered altar of Cheibriados.
  8236 | D:8      | Reached skill level 5 in Dodging
  8457 | D:8      | Reached skill level 7 in Maces & Flails
  8585 | D:8      | Reached skill level 7 in Fighting
  8637 | D:9      | Paralysed by a hornet for 1 turns
  8644 | D:9      | HP: 20/118 [hornet (13)]
  8914 | D:9      | Reached XP level 10. HP: 86/86 MP: 19/19
  9124 | D:9      | Got a faintly humming helmet
  9125 | D:9      | Identified the +1 helmet "Erioclur" {*Corrode rPois Dex+5}
                  | (You found it on level 9 of the Dungeon)
  9372 | D:9      | Reached skill level 6 in Dodging
  9503 | D:9      | Reached skill level 8 in Maces & Flails
  9569 | D:9      | Reached skill level 8 in Fighting
  9619 | D:9      | Noticed Psyche
  9633 | D:9      | Killed Psyche
 10139 | D:10     | Entered Level 10 of the Dungeon
 10261 | D:10     | Reached skill level 7 in Dodging
 10311 | D:10     | Noticed Nergalle
 10322 | D:10     | Killed Nergalle
 10943 | D:11     | Reached XP level 11. HP: 95/95 MP: 20/20
 10999 | D:11     | Noticed Ratty's ghost (journeyman MiFi)
 11000 | D:11     | Found a runed translucent door.
 11070 | D:11     | Found a staircase to the Lair.
 11120 | D:11     | Reached skill level 9 in Maces & Flails
 11305 | D:11     | Reached skill level 9 in Fighting
 11744 | D:11     | Reached skill level 8 in Dodging
 12072 | Lair:1   | Entered Level 1 of the Lair of Beasts
 12138 | Lair:1   | Found a dark tunnel.
 12940 | Lair:1   | Noticed a five-headed hydra
 12952 | Lair:1   | Killed a five-headed hydra
 13700 | Lair:2   | Reached skill level 10 in Maces & Flails
 13720 | Lair:2   | Found a staircase to the Shoals.
 13735 | Lair:2   | Reached skill level 10 in Fighting
 13837 | Lair:2   | You fall through a shaft for 2 floors!
 13850 | Lair:4   | Reached skill level 9 in Dodging
 13987 | Lair:4   | Reached skill level 4 in Evocations
 14023 | Lair:4   | Reached XP level 12. HP: 89/106 MP: 13/21
 14692 | Lair:4   | Reached skill level 5 in Evocations
 15895 | Lair:5   | Noticed a catoblepas
 15896 | Lair:5   | Noticed a catoblepas
 15942 | Lair:5   | Reached skill level 10 in Dodging
 15950 | Lair:5   | Killed a catoblepas
 15957 | Lair:5   | Killed a catoblepas
 15957 | Lair:5   | Reached skill level 6 in Evocations
 15971 | Lair:5   | Reached skill level 11 in Fighting
 15971 | Lair:5   | Reached skill level 11 in Maces & Flails
 16069 | Lair:5   | Noticed a four-headed hydra
 16082 | Lair:5   | Killed a four-headed hydra
 16447 | Lair:3   | Learned a level 4 spell: Summon Lightning Spire
 16498 | Lair:3   | Reached skill level 1 in Summonings
 16498 | Lair:3   | Reached skill level 1 in Air Magic
 16527 | Lair:3   | Found an opulent altar of Gozag.
 16583 | Lair:3   | Reached skill level 2 in Summonings
 16583 | Lair:3   | Reached skill level 2 in Air Magic
 16619 | Lair:3   | Found a staircase to the Snake Pit.
 16775 | Lair:3   | Found a runed translucent door.
 16777 | Lair:3   | Identified the +5 trident of Terror {venom, rPois}
 16778 | Lair:3   | Noticed Jegg's ghost (journeyman OpFi)
 17143 | Lair:6   | Entered Level 6 of the Lair of Beasts
 17153 | Lair:6   | Noticed an eight-headed hydra
 17168 | Lair:6   | HP: 22/110 [eight-headed hydra (10)]
 17169 | Lair:6   | Killed an eight-headed hydra
 17299 | Lair:6   | Reached skill level 3 in Summonings
 17299 | Lair:6   | Reached skill level 3 in Air Magic
 17299 | Lair:6   | Reached XP level 13. HP: 97/116 MP: 2/23
 17424 | Lair:6   | Reached skill level 4 in Summonings
 17424 | Lair:6   | Reached skill level 4 in Air Magic
 17668 | Lair:6   | Found a staircase to the Slime Pits.
 17668 | Lair:6   | Found a viscous altar of Jiyva.
 17921 | Lair:6   | Reached skill level 5 in Summonings
 17921 | Lair:6   | Reached skill level 5 in Air Magic
 18347 | Lair:6   | Identified Erotunih's Volume of Bewitching Flight
 18369 | Lair:6   | Learned a level 2 spell: Sublimation of Blood
 19847 | D:12     | Reached skill level 3 in Charms
 19847 | D:12     | Reached skill level 6 in Necromancy
 19849 | D:12     | Found a staircase to the Orcish Mines.
 20094 | D:12     | Learned a level 5 spell: Excruciating Wounds
 20146 | D:13     | Noticed Kirke
 20158 | D:12     | Noticed a sphinx
 20165 | D:12     | Killed Kirke
 20564 | D:13     | Reached skill level 5 in Spellcasting
 20577 | D:13     | Found a runed translucent door.
 20580 | D:13     | Noticed no0bjke's ghost (journeyman GrFi)
 20703 | D:13     | Found a portal to a secret trove of treasure.
 20821 | D:11     | Killed Ratty's ghost
 20821 | D:11     | Reached skill level 4 in Charms
 20937 | D:13     | Noticed an azure jelly
 21054 | D:13     | Noticed an acid blob
 21055 | D:13     | Noticed an iron giant
 21055 | D:13     | an acid blob changed into an iron giant
 21059 | D:13     | Noticed a golden dragon
 21059 | D:13     | an iron giant changed into a golden dragon
 21494 | D:14     | Reached skill level 7 in Necromancy
 21643 | D:14     | Found a gate to the Vaults.
 21711 | D:14     | Identified Roxanne's Grimoire of the Mountains
 21711 | D:14     | Noticed Roxanne
 21848 | D:14     | Reached XP level 14. HP: 114/124 MP: 26/26
 21898 | D:14     | Reached skill level 5 in Charms
 22015 | D:14     | Noticed Josephine
 22064 | D:14     | Killed Josephine
 22335 | D:15     | Entered Level 15 of the Dungeon
 22625 | D:15     | Found a shadowy altar of Dithmenos.
 22643 | D:15     | HP: 21/124 [centaur warrior/arrow (13)]
 22644 | D:15     | HP: 8/124 [centaur warrior (13)]
 22653 | D:15     | HP: 24/124 [white ugly thing (2)]
 22654 | D:15     | Reached skill level 6 in Charms
 22654 | D:15     | Reached skill level 8 in Necromancy
 23878 | Orc:1    | Entered Level 1 of the Orcish Mines
 23893 | Orc:1    | Noticed an orc warlord
 23915 | Orc:1    | Killed an orc warlord
 24371 | Orc:2    | Entered Level 2 of the Orcish Mines
 24755 | Orc:2    | HP: 31/124 [orc high priest/divine providence (11)]
 24780 | Orc:2    | Reached skill level 9 in Necromancy
 24972 | Orc:2    | Found a staircase to the Elven Halls.
 25373 | Orc:2    | Found Rian's Jewellery Boutique.
 25373 | Orc:2    | Found Leumigum's Antique Armour Shoppe.
 25376 | Orc:2    | Found Jinoarez's Book Boutique.
 25376 | Orc:2    | Found Nooryeli's Weapon Shoppe.
 25664 | Orc:1    | Noticed Erica
 25692 | Orc:1    | Noticed Jorgrun
 25698 | Orc:1    | Killed Erica
 25782 | Orc:1    | Killed Jorgrun
 25967 | Orc:1    | Reached skill level 12 in Maces & Flails
 26346 | Orc:2    | Bought a heavily runed scale mail for 243 gold pieces
 26356 | Orc:2    | Identified the +4 scale mail "Efuuw" {rC+ rN+} (You bought
                  | it in a shop on level 2 of the Orcish Mines)
 26379 | Orc:2    | Bought a book of Unlife for 1040 gold pieces
 26665 | Snake:1  | Entered Level 1 of the Snake Pit
 26753 | Snake:1  | Noticed a nagaraja
 26772 | Snake:1  | Killed a nagaraja
 27026 | Snake:1  | Reached skill level 6 in Spellcasting
 27049 | Snake:1  | Found Ecoovomp's Armour Shop.
 27055 | Snake:1  | Found Oplal's General Store.
 27055 | Snake:1  | Found Gijeph's Gadget Shop.
 27061 | Snake:1  | Bought a +1 buckler of protection for 198 gold pieces
 27061 | Snake:1  | Bought a potion of heal wounds for 60 gold pieces
 27068 | Snake:1  | Bought a crystal ball of energy for 260 gold pieces
 27132 | Snake:1  | Reached skill level 1 in Shields
 27587 | Snake:2  | Reached skill level 2 in Shields
 27590 | Snake:2  | Noticed a nagaraja
 27603 | Snake:2  | Killed a nagaraja
 27714 | Snake:2  | Noticed Vashnia
 27714 | Snake:2  | Noticed Agnes
 27781 | Snake:2  | Killed Agnes
 27781 | Snake:2  | Reached skill level 3 in Shields
 27954 | Snake:2  | Reached skill level 4 in Shields
 27961 | Snake:2  | HP: 27/124 [Vashnia/arrow (26)]
 28146 | Snake:2  | Killed Vashnia
 28146 | Snake:2  | Reached skill level 10 in Necromancy
 28146 | Snake:2  | Reached XP level 15. HP: 91/129 MP: 14/28
 28319 | Snake:2  | Noticed Asterion
 28322 | Snake:2  | Noticed an Executioner
 28466 | Snake:2  | Noticed an Executioner
 28467 | Snake:2  | Killed Asterion
 28520 | Snake:2  | Learned a level 6 spell: Death Channel
 28957 | Snake:2  | HP: 32/129 [guardian serpent/bolt of poison (3)]
 28968 | Snake:2  | Reached skill level 7 in Spellcasting
 29206 | Snake:3  | Noticed a nagaraja
 29227 | Snake:3  | Killed a nagaraja
 29379 | Snake:3  | Reached skill level 11 in Necromancy
 30115 | Snake:3  | Reached skill level 8 in Spellcasting
 30150 | Snake:4  | Entered Level 4 of the Snake Pit
 30271 | Snake:4  | Noticed a nagaraja
 30280 | Snake:4  | Killed a nagaraja
 30328 | Snake:4  | HP: 32/129 [naga sharpshooter/bolt (12)]
 30477 | Snake:4  | Found a sparkling altar of Nemelex Xobeh.
 30715 | Snake:4  | Noticed a nagaraja
 30740 | Snake:4  | Killed a nagaraja
 30764 | Snake:4  | Reached skill level 9 in Spellcasting
 30790 | Snake:4  | Reached skill level 12 in Necromancy
 30803 | Snake:4  | Noticed a nagaraja
 30813 | Snake:4  | Killed a nagaraja
 30829 | Snake:4  | Noticed a nagaraja
 30848 | Snake:4  | Killed a nagaraja
 30871 | Snake:4  | HP: 26/129 [naga sharpshooter/bolt (21)]
 30887 | Snake:4  | Noticed a nagaraja
 30896 | Snake:4  | Killed a nagaraja
 31019 | Snake:4  | Noticed a nagaraja
 31030 | Snake:4  | Killed a nagaraja
 31079 | Snake:4  | Got a serpentine rune of Zot
 31625 | Shoals:1 | Entered Level 1 of the Shoals
 32472 | Lair:2   | Learned a level 6 spell: Deflect Missiles
 32586 | Shoals:1 | Reached skill level 6 in Air Magic
 32615 | Shoals:1 | Found Ziph's Magic Scroll Boutique.
 32664 | Shoals:1 | Reached XP level 16. HP: 137/137 MP: 26/34
 32738 | Shoals:1 | Reached skill level 7 in Charms
 33322 | Shoals:2 | Reached skill level 7 in Air Magic
 33384 | Shoals:2 | Reached skill level 8 in Charms
 33582 | Shoals:2 | Found Neback's Distillery.
 33599 | Shoals:2 | Bought a potion of agility for 80 gold pieces
 33599 | Shoals:2 | Bought 2 potions of heal wounds for 200 gold pieces
 33802 | Shoals:3 | Reached skill level 7 in Evocations
 34138 | Shoals:3 | Found Uptouw's Gadget Emporium.
 34340 | Shoals:4 | Entered Level 4 of the Shoals
 34447 | Shoals:4 | Noticed Polyphemus
 34662 | Shoals:4 | HP: 20/137 [Polyphemus/death yak (20)]
 34670 | Shoals:4 | HP: 32/137 [death yak[Polyphemus] (2)]
 34676 | Shoals:4 | HP: 29/137 [death yak[Polyphemus] (20)]
 34684 | Shoals:4 | HP: 18/137 [death yak[Polyphemus] (17)]
 35302 | Shoals:4 | Got a barnacled rune of Zot
 35369 | Shoals:4 | Reached skill level 8 in Evocations
 35471 | Shoals:4 | Killed Polyphemus
 35575 | Shoals:4 | Found the +10 morningstar "Eos" {elec, Halo rElec}
 35890 | Shoals:1 | Bought a scroll of amnesia for 45 gold pieces
 35897 | Shoals:1 | Learned a level 5 spell: Silence
 35897 | Shoals:1 | Bought a scroll of amnesia for 45 gold pieces
 36101 | Elf:1    | Entered Level 1 of the Elven Halls
 36137 | Elf:1    | Reached skill level 1 in Hexes
 36333 | Elf:1    | Found Jas Orgh's Food Shop.
 36347 | Elf:1    | Found Qotudun's Jewellery Shoppe.
 36435 | Elf:1    | Reached skill level 2 in Hexes
 36582 | Elf:1    | Reached skill level 8 in Air Magic
 36758 | Elf:1    | Reached skill level 3 in Hexes
 36768 | Elf:1    | Found Gaakkim's General Store.
 36905 | Elf:1    | Found Affalod's Weapon Shoppe.
 36925 | Elf:1    | Reached skill level 4 in Hexes
 37146 | Elf:1    | You fall through a shaft!
 37261 | Elf:2    | Reached skill level 9 in Air Magic
 37280 | Elf:2    | Reached XP level 17. HP: 67/146 MP: 17/35
 37299 | Elf:2    | Reached skill level 5 in Hexes
 37573 | Elf:2    | Got a dazzling helmet
 37618 | Elf:2    | Identified the cursed +0 helmet "Damnable Contraption" {rC+
                  | Str+4 Slay+3} (You found it on level 2 of the Elven Halls)
 37649 | Elf:2    | Reached skill level 11 in Dodging
 38025 | Elf:2    | Found a runed translucent door.
 38047 | Elf:2    | Found a runed translucent door.
 38131 | Elf:2    | Reached skill level 12 in Fighting
 38188 | Elf:2    | HP: 34/146 [+1 dire flail of protection (12)]
 38190 | Elf:2    | HP: 4/146 [+1 dire flail of protection (24)]
 38607 | Elf:1    | Bought the +4 demon whip of Strategic Superiority {drain,
                  | rElec Int+7 Dex-4 Stlth+} for 981 gold pieces
 38755 | Elf:1    | Learned a level 5 spell: Borgnjor's Vile Clutch
 38793 | Elf:3    | Entered Level 3 of the Elven Halls
 38793 | Elf:3    | Found Vetituts's Magic Scroll Emporium.
 38876 | Elf:3    | Found an ancient bone altar of Kikubaaqudgha.
 38953 | Elf:3    | Reached skill level 9 in Evocations
 39218 | Elf:3    | Identified the +7 war axe of Traps {drain, MP+9 Str+4} (You
                  | found it on level 3 of the Elven Halls)
 39271 | Elf:3    | Noticed a deep elf blademaster
 39301 | Elf:3    | Killed a deep elf blademaster
 39408 | Elf:3    | Noticed a deep elf blademaster
 39408 | Elf:3    | Noticed a Tzitzimitl
 39424 | Elf:3    | Killed a deep elf blademaster
 39442 | Elf:3    | Reached skill level 12 in Dodging
 39447 | Elf:3    | Noticed a Hell Sentinel
 39467 | Elf:3    | Reached skill level 10 in Evocations
 39591 | Elf:3    | Reached skill level 13 in Fighting
 39593 | Elf:3    | Found the +3 pair of gauntlets of War {Slay+5}
 39714 | Elf:3    | Found the cursed +14 obsidian axe {chop, +Fly SInv *Curse}
 39854 | Elf:3    | Identified the +5 ring mail "Trusted Companion" {Str+7
                  | Dex-3} (You found it on level 3 of the Elven Halls)
 40231 | Elf:3    | Reached XP level 18. HP: 148/157 MP: 31/36
 40266 | Elf:3    | Found Riediej's Book Shop.
 40602 | Elf:3    | Identified the +5 demon trident of the Asp {elec, +Rage
                  | +Inv SInv} (You found it on level 3 of the Elven Halls)
 40856 | Vaults:1 | Entered Level 1 of the Vaults
 41391 | Vaults:1 | Found a runed translucent gate.
 41392 | Vaults:1 | Found a runed translucent gate.
 41392 | Vaults:1 | Found a runed translucent gate.
 41392 | Vaults:1 | Noticed Moutitz's ghost (adept MiFi)
 41602 | Vaults:1 | Reached skill level 13 in Dodging
 41763 | Vaults:1 | HP: 39/159 [Executioner[an ironheart preserver] (2)]
 41773 | Vaults:1 | HP: 39/159 [ice devil[an ironheart preserver] (1)]
 41914 | Vaults:1 | Noticed a Hell Sentinel
 42678 | Vaults:2 | Reached skill level 14 in Fighting
 43790 | Vaults:2 | Noticed a bone dragon
 43791 | Vaults:2 | Found a staircase to the Crypt.
 43820 | Vaults:2 | Killed a bone dragon
 44205 | Vaults:3 | Reached skill level 1 in Earth Magic
 44234 | Vaults:3 | Reached skill level 2 in Earth Magic
 44476 | Vaults:3 | Reached skill level 3 in Earth Magic
 45254 | Elf:1    | Bought the amulet of Wukkuju {Spirit rElec rF+ rC+ Str+4}
                  | for 1062 gold pieces
 45839 | Vaults:3 | Noticed Boris
 45861 | Vaults:3 | Killed Boris
 45861 | Vaults:3 | Reached skill level 1 in Armour
 45926 | Vaults:3 | Reached skill level 2 in Armour
 46188 | Vaults:3 | Noticed Saint Roka
 46199 | Vaults:3 | HP: 29/161 [Saint Roka/divine providence (12)]
 46204 | Vaults:3 | HP: 19/161 [poisoned by an orc warrior]
 46225 | Vaults:3 | HP: 40/161 [Saint Roka/divine providence (11)]
 46231 | Vaults:3 | HP: 40/161 [Saint Roka/divine providence (9)]
 46255 | Vaults:3 | HP: 39/161 [Saint Roka/divine providence (14)]
 46515 | Vaults:3 | Killed Saint Roka
 46931 | Vaults:3 | Reached skill level 3 in Armour
 46998 | Vaults:3 | Reached skill level 14 in Dodging
 47013 | Vaults:3 | Reached XP level 19. HP: 157/168 MP: 20/37
 47138 | Vaults:3 | Found a runed translucent door.
 47139 | Vaults:3 | Noticed Sassenached's ghost (adept DsCK)
 47188 | Vaults:3 | Killed Sassenached's ghost
 47265 | Vaults:4 | Noticed Bai Suzhen
 47291 | Vaults:4 | Reached skill level 4 in Armour
 47321 | Vaults:4 | Killed Bai Suzhen
 47891 | Vaults:4 | Reached skill level 5 in Armour
 48183 | Vaults:4 | Reached skill level 15 in Fighting
 48424 | Vaults:4 | Noticed Boris
 48447 | Vaults:4 | Killed Boris
 48633 | Vaults:4 | Reached skill level 4 in Earth Magic
 48695 | Vaults:4 | Reached skill level 13 in Necromancy
 49350 | Vaults:5 | Entered Level 5 of the Vaults
 49350 | Vaults:5 | Noticed Sojobo
 49361 | Vaults:5 | HP: 38/170 [Sojobo/+3 great sword of electrocution (9)]
 49366 | Vaults:5 | HP: 38/170 [tengu reaver/+0 war axe[Sojobo] (5)]
 49390 | Vaults:5 | HP: 31/170 [tengu reaver/+0 war axe[Sojobo] (14)]
 49391 | Vaults:5 | Reached skill level 5 in Earth Magic
 49411 | Vaults:5 | Killed Sojobo
 49502 | Vaults:5 | Reached skill level 6 in Earth Magic
 49534 | Vaults:5 | Noticed an ancient lich
 49556 | Vaults:5 | Noticed Margery
 49559 | Vaults:5 | HP: 36/170 [Margery/fireball (45)]
 49815 | Vaults:5 | Killed an ancient lich
 49815 | Vaults:5 | Reached skill level 7 in Earth Magic
 49867 | Vaults:5 | Reached skill level 14 in Necromancy
 49972 | Vaults:5 | Killed Margery
 49976 | Vaults:5 | Reached skill level 6 in Armour
 49976 | Vaults:5 | Noticed a golden dragon
 49990 | Vaults:5 | Killed a golden dragon
 50071 | Vaults:5 | Reached XP level 20. HP: 162/178 MP: 24/38
 50133 | Vaults:5 | Noticed an ancient lich
 50139 | Vaults:5 | Reached skill level 7 in Armour
 50189 | Vaults:5 | Killed an ancient lich
 50500 | Vaults:5 | Identified the +1 scale mail of Xuulo {Str+4}
 50588 | Vaults:5 | Reached skill level 16 in Fighting
 50603 | Vaults:5 | Reached skill level 15 in Dodging
 50838 | Vaults:5 | Identified a scroll of acquirement
 50859 | Vaults:5 | Identified a +1 pair of boots of running (You acquired it
                  | on level 5 of the Vaults)
 51444 | Vaults:5 | Got a silver rune of Zot
 52765 | D:15     | Reached skill level 10 in Spellcasting
 52983 | D:15     | Found a staircase to the Depths.
 53069 | D:15     | Found Zomor's Food Shoppe.
 53168 | D:15     | Found a sacrificial altar of Ru.
 53702 | Depths:1 | Entered Level 1 of the Depths
 53754 | Depths:1 | Learned a level 6 spell: Simulacrum
 53841 | Depths:1 | Reached skill level 1 in Ice Magic
 53844 | Depths:1 | Reached XP level 21. HP: 124/189 MP: 12/41
 53862 | Depths:1 | Found Bukoajuu's Armour Boutique.
 53870 | Depths:1 | Found Zidiguc's Distillery.
 53878 | Depths:1 | Bought a potion of curing for 45 gold pieces
 53878 | Depths:1 | Bought a potion of heal wounds for 75 gold pieces
 53878 | Depths:1 | Bought a potion of curing for 45 gold pieces
 53878 | Depths:1 | Bought a potion of might for 60 gold pieces
 53878 | Depths:1 | Bought a potion of resistance for 150 gold pieces
 53878 | Depths:1 | Bought 2 potions of might for 120 gold pieces
 53923 | Depths:1 | Reached skill level 2 in Ice Magic
 53986 | Depths:1 | Identified the +5 faerie dragon scales {MR+ Regen+ rCorr
                  | HP+5}
 53986 | Depths:1 | Noticed the Enchantress
 54008 | Depths:1 | HP: 42/189 [spriggan defender/+5 rapier of flaming[the
                  | Enchantress] (15)]
 54016 | Depths:1 | HP: 44/189 [spriggan air mage/the air[the Enchantress] (8)]
 54020 | Depths:1 | HP: 18/189 [the Enchantress/+1 rapier of draining (19)]
 54020 | Depths:1 | HP: 5/189 [spriggan air mage/the air[the Enchantress] (8)]
 54045 | Depths:1 | HP: 31/189 [spriggan defender/+5 rapier of flaming[the
                  | Enchantress] (3)]
 54046 | Depths:1 | HP: 12/189 [spriggan defender/+5 rapier of flaming[the
                  | Enchantress] (6)]
 54047 | Depths:1 | HP: 2/189 [spriggan defender/+5 rapier of flaming[the
                  | Enchantress] (16)]
 54047 | Depths:1 | Slain by a spriggan defender

Levels and vault maps discovered:
D:1:      dpeg_arrival_tiny_i, layout_loops_corners, hex_tiny
D:2:      layout_basic
D:3:      layout_rooms, first_ration
D:4:      layout_basic, minmay_fractal_squares_gapless_5, uniq_duvessa
D:5:      layout_rooms
D:6:      layout_basic, minmay_temple_entry_junction, uniq_grinder
D:7:      layout_cave_pools, uniq_pikel, uniq_menkaure
D:8:      layout_loops_ring, minitemple, nicolae_overflow_hidden_temple,
          serial_shops, shop, uniq_prince_ribbit1
D:9:      layout_roguey [special_room_orc], uniq_psyche
D:10:     layout_roguey, uniq_nergalle
D:11:     layout_roguey, minmay_lair_entry_grove, hellmonk_ghost_happy_afterlife
D:12:     layout_loops_ring, erik_orc_1, grunt_pizzeria
D:13:     layout_rooms, nicolae_trove_entry_free_sample,
          ebering_ghost_inner_flame, lemuel_flamethrower_2, uniq_kirke
D:14:     layout_stronghold, david_vaults_4, minmay_misc_feat_columns,
          uniq_josephine, uniq_roxanne
D:15:     grunt_enter_depths_magical_seal, layout_loops_corners,
          nicolae_dithmenos_through_a_glass_darkly, serial_shops, shop,
          nicolae_ru_path_of_blood
Lair:1:   dpeg_oklob_gauntlet, layout_layer_cave,
          nicolae_volcano_entry_lava_flow, grunt_megastairs_4
Lair:2:   layout_cave_pods, minmay_shoals_entry_beasts
Lair:3:   layout_roguey, guppyfry_snake_entry_island, basic_altar,
          ebering_ghost_funeral_grove
Lair:4:   layout_small_grid, grunt_forest_large_clearings,
          infiniplex_staircase_pool, lemuel_fruit_tree
Lair:5:   nzn_motion_control, layout_cave_pods, hibernation_bobbens,
          lemuel_fruit_fields
Lair:6:   gammafunk_lair_ancient_temple, layout_gridlike, slime_altar_1,
          kilobyte_rumbling_trees
Shoals:1: layout_shoals, serial_shops, shop
Shoals:2: cheibrodos_shoals_satyrical_garden, layout_shoals, serial_shops,
          nicolae_shop_waterfront, st_cyclops
Shoals:3: layout_shoals, serial_shops,
          nicolae_shop_temple_entry_statues_fountains
Shoals:4: shoals_end_grunt_ice, layout_shoals, nicolae_shoals_isolated_beach,
          uniq_polyphemus
Snake:1:  layout_onion, minmay_shop_star
Snake:2:  layout_rooms, uniq_vashnia, uniq_asterion, uniq_agnes
Snake:3:  layout_cave_pods, grunt_megastairs_3
Snake:4:  minmay_snake_end_coiled, layout_cave_town, basic_altar,
          serial_bayou_shore_a
Orc:1:    layout_caves, uniq_erica, uniq_jorgrun
Orc:2:    grunt_orc_tribal_feast, layout_diamond_mine
Elf:1:    minmay_elf_arrival_summoners, layout_loops_corners, serial_shops,
          shop, nicolae_shop_stone, shop, shop, kennysheep_underground_church,
          nicolae_elf_stone_circles
Elf:2:    layout_geoelf_octagon
Elf:3:    elf_hall, layout_geoelf_castle, basic_altar, serial_shops, shop, shop,
          grunt_ministairs_11, minmay_crystal_room
Vaults:1: gammafunk_vaults_ghost_spectres, dpeg_vaults_monster_box,
          vaults_standard_mumra_lines, vaults_room_fancy_cross,
          vaults_room_octagon, v_pattern_1, ontoclasm_vaults_ligature,
          v_misc_28, ontoclasm_vaults_fault, ontoclasm_vaults_ring_small,
          hangedman_vaults_capsules, layout_vaults_omnibox
Vaults:2: ontoclasm_vaults_chip, hangedman_vaults_maws,
          minmay_crypt_entry_nasty_monster, nicolae_vaults_ring_of_whatevers,
          vaults_room_grunt_arrival_ludios, grunt_vaults_swirl,
          ontoclasm_vaults_loading_screen, nicolae_vaults_little_squares_4,
          vaults_dpeg_ring, layout_vaults_omnigrid
Vaults:3: ebering_vaults_ghost_inner_flame, dpeg_vaults_monster_row,
          vaults_mumra_minichess, nicolae_vaults_circle_grid_b,
          nicolae_vaults_ring_of_whatevers, v_misc_16,
          nicolae_vaults_twisting_passages, ontoclasm_vaults_ring_square,
          nicolae_vaults_asterisk, grunt_vaults_funnel,
          grunt_vaults_hallway_long, nicolae_vaults_little_squares_5,
          serial_ice_b, serial_ice_m, layout_vaults_maze_bifur, uniq_saint_roka,
          uniq_boris
Vaults:4: nicolae_vaults_circle_grid_a, hangedman_vaults_stitches, v_misc_24,
          hangedman_vaults_cutoff, hangedman_vaults_nails, st_hourglassy,
          nicolae_vaults_specimen_jars, vaults_mumra_lcd,
          layout_vaults_chaotic_city, uniq_bai_suzhen
Vaults:5: serial_shops, uniq_margery, uniq_sojobo
Depths:1: layout_cave_shapes, hell_entry, serial_shops, shop, chequers_jeans,
          kennysheep_dice, minmay_shoptagon, uniq_enchantress

Skill      XL: |  1  2  3  4  5  6  7  8  9 10 11 12 13 14 15 16 17 18 19 20 21 |
---------------+----------------------------------------------------------------+-----
Spellcasting   | 2 3 4 5 6 9 10 | 10.7
Maces & Flails | 1 2 3 4 5 7 8 10 11 12 | 12.0
Fighting       | 1 2 3 4 5 7 8 10 11 13 14 15 16 | 16.7
Evocations     | 2 3 4 6 8 10 | 10.8
Necromancy     | 4 5 7 10 12 14 | 14.2
Charms         | 2 4 6 8 |  8.0
Dodging        | 3 5 7 9 10 12 14 15 | 15.7
Summonings     | 3 5 |  5.6
Air Magic      | 3 5 6 9 |  9.4
Shields        | 4 |  4.0
Hexes          | 4 5 |  5.2
Earth Magic    | 3 7 |  7.0
Armour         | 3 6 7 |  7.1
Ice Magic      | 1 2 |  2.7
Stealth        | |  1.7

Action                   |  1- 3 |  4- 6 |  7- 9 | 10-12 | 13-15 | 16-18 | 19-21 || total
-------------------------+-------+-------+-------+-------+-------+-------+-------++-------
Melee: Whip              |    86 |   188 |   409 |  1011 |   506 |       |       ||  2200
       Unarmed           |     1 |       |       |       |    15 |       |       ||    16
       Demon whip        |       |       |       |       |  1076 |  1600 |  1177 ||  3853
 Cast: Pain              |    24 |       |       |     1 |       |       |       ||    25
       Regeneration      |       |       |     1 |    12 |    89 |   121 |    67 ||   290
       Animate Dead      |       |       |       |    38 |    79 |    78 |    34 ||   229
       Vampiric Draining |       |       |       |    11 |     9 |       |       ||    20
       Summon Lightning  |       |       |       |     1 |    40 |     2 |       ||    43
       Excruciating Woun |       |       |       |       |    40 |    12 |       ||    52
       Sublimation of Bl |       |       |       |       |    32 |    42 |    30 ||   104
       Death Channel     |       |       |       |       |    30 |    81 |    39 ||   150
       Silence           |       |       |       |       |       |    18 |    10 ||    28
       Deflect Missiles  |       |       |       |       |       |     7 |     3 ||    10
       Borgnjor's Vile C |       |       |       |       |       |    50 |    36 ||    86
       Simulacrum        |       |       |       |       |       |       |     5 ||     5
 Abil: Evoke Berserk Rag |       |     4 |    12 |    13 |    10 |       |       ||    39
Evoke: Wand              |       |       |       |    14 |    39 |    17 |       ||    70
       Lightning rod     |       |       |       |    10 |     5 |       |       ||    15
       Phial of floods   |       |       |       |       |     2 |     1 |     2 ||     5
       Phantom mirror    |       |       |       |       |     2 |       |     1 ||     3
       Crystal ball of e |       |       |       |       |     3 |     1 |     1 ||     5
       Box of beasts     |       |       |       |       |     2 |     2 |       ||     4
       Lamp of fire      |       |       |       |       |       |     2 |     1 ||     3
       Sack of spiders   |       |       |       |       |       |     1 |       ||     1
       Staff of energy   |       |       |       |       |       |       |     4 ||     4
  Use: Potion            |     1 |     1 |     3 |     1 |     6 |     7 |    21 ||    40
       Scroll            |       |    13 |     6 |    17 |    21 |    31 |    20 ||   108
 Stab: Sleeping          |     1 |     8 |     7 |     6 |     8 |     4 |     4 ||    38
       Distracted        |       |       |       |    12 |    32 |    25 |    13 ||    82
       Petrified         |       |       |       |     5 |       |     1 |       ||     6
       Paralysed         |       |       |       |       |     8 |       |       ||     8
  Eat: Chunk             |     4 |     8 |    14 |    31 |    22 |    15 |     9 ||   103
       Ration            |       |     1 |     3 |     5 |    22 |    19 |     9 ||    59
Armor: Robe              |    16 |    42 |       |       |       |       |       ||    58
       Leather armour    |       |     5 |   145 |   178 |   128 |       |       ||   456
       Troll leather arm |       |       |       |       |   149 |   287 |   229 ||   665
       Scale mail        |       |       |       |       |       |    38 |    59 ||    97
Dodge: Dodged            |    69 |   112 |   273 |   741 |  1101 |   752 |   588 ||  3636
       Deflected         |       |       |       |       |       |    80 |    75 ||   155
Block: Buckler           |       |       |       |       |   359 |   663 |   323 ||  1345
       Reflection        |       |       |       |       |    42 |    64 |       ||   106
       Other             |       |       |       |       |     6 |       |       ||     6

Table legend:
 A = Non-vault XP
 B = Vault XP
 C = Vault XP percentage of total XP
 D = Non-vault monster count
 E = Vault monster count
 F = Vault count percentage of total count
                 A         B        C        D         E       F
            +---------+---------+-------+---------+---------+-------
      Total |  359532 |  345253 |  49.0 |    1217 |     578 |  32.2
            +---------+---------+-------+---------+---------+-------
        D:1 |      47 |       0 |   0.0 |      23 |       0 |   0.0
        D:2 |      98 |       0 |   0.0 |      24 |       0 |   0.0
        D:3 |     111 |       0 |   0.0 |      21 |       0 |   0.0
        D:4 |     273 |     216 |  44.2 |      13 |       2 |  13.3
        D:5 |     256 |       0 |   0.0 |      24 |       0 |   0.0
        D:6 |    1022 |     281 |  21.6 |      19 |       1 |   5.0
        D:7 |     617 |     737 |  54.4 |      14 |       2 |  12.5
        D:8 |    2347 |       0 |   0.0 |      37 |       0 |   0.0
        D:9 |    3683 |     820 |  18.2 |      42 |      25 |  37.3
       D:10 |    1094 |     800 |  42.2 |      28 |       1 |   3.4
       D:11 |    1792 |    3004 |  62.6 |      34 |      14 |  29.2
       D:12 |    3804 |    2866 |  43.0 |      34 |      19 |  35.8
       D:13 |    4049 |       0 |   0.0 |      23 |       0 |   0.0
       D:14 |    7353 |    2052 |  21.8 |      17 |       6 |  26.1
       D:15 |   25382 |    4897 |  16.2 |      78 |      10 |  11.4
     Lair:1 |    3884 |     870 |  18.3 |      13 |       2 |  13.3
     Lair:2 |    5321 |     795 |  13.0 |      29 |       2 |   6.5
     Lair:3 |    3286 |     314 |   8.7 |      12 |       2 |  14.3
     Lair:4 |    6776 |    3291 |  32.7 |      36 |      31 |  46.3
     Lair:5 |    4554 |    2334 |  33.9 |      21 |       5 |  19.2
     Lair:6 |    7498 |    7515 |  50.1 |      29 |      35 |  54.7
   Shoals:1 |    9002 |       0 |   0.0 |      26 |       0 |   0.0
   Shoals:2 |    7010 |    5193 |  42.6 |      24 |      15 |  38.5
   Shoals:3 |    6163 |     444 |   6.7 |      17 |       1 |   5.6
   Shoals:4 |    7689 |   14692 |  65.6 |      30 |      34 |  53.1
    Snake:1 |    6576 |       0 |   0.0 |      16 |       0 |   0.0
    Snake:2 |    9374 |   10052 |  51.7 |      20 |       7 |  25.9
    Snake:3 |   15185 |     319 |   2.1 |      39 |       2 |   4.9
    Snake:4 |   13557 |   13050 |  49.0 |      38 |      42 |  52.5
      Orc:1 |    5295 |    3704 |  41.2 |      58 |       2 |   3.3
      Orc:2 |    3422 |    7179 |  67.7 |      37 |      30 |  44.8
      Elf:1 |   15453 |    6646 |  30.1 |      29 |      12 |  29.3
      Elf:2 |   13313 |   21352 |  61.6 |      27 |      29 |  51.8
      Elf:3 |   28341 |   36459 |  56.3 |      50 |      30 |  37.5
   Vaults:1 |   18652 |    9430 |  33.6 |      34 |      22 |  39.3
   Vaults:2 |   11929 |   10171 |  46.0 |      21 |      20 |  48.8
   Vaults:3 |   27449 |   29845 |  52.1 |      49 |      47 |  49.0
   Vaults:4 |   24856 |   26093 |  51.2 |      43 |      28 |  39.4
   Vaults:5 |   35595 |  118752 |  76.9 |      61 |      94 |  60.6
   Depths:1 |   17424 |    1080 |   5.8 |      27 |       6 |  18.2
            +---------+---------+-------+---------+---------+-------

Levels and vault maps discovered:
D:1:      dpeg_arrival_tiny_i, layout_loops_corners, hex_tiny
D:2:      layout_basic
D:3:      layout_rooms, first_ration
D:4:      layout_basic, minmay_fractal_squares_gapless_5, uniq_duvessa
D:5:      layout_rooms
D:6:      layout_basic, minmay_temple_entry_junction, uniq_grinder
D:7:      layout_cave_pools, uniq_pikel, uniq_menkaure
D:8:      layout_loops_ring, minitemple, nicolae_overflow_hidden_temple,
          serial_shops, shop, uniq_prince_ribbit1
D:9:      layout_roguey [special_room_orc], uniq_psyche
D:10:     layout_roguey, uniq_nergalle
D:11:     layout_roguey, minmay_lair_entry_grove, hellmonk_ghost_happy_afterlife
D:12:     layout_loops_ring, erik_orc_1, grunt_pizzeria
D:13:     layout_rooms, nicolae_trove_entry_free_sample,
          ebering_ghost_inner_flame, lemuel_flamethrower_2, uniq_kirke
D:14:     layout_stronghold, david_vaults_4, minmay_misc_feat_columns,
          uniq_josephine, uniq_roxanne
D:15:     grunt_enter_depths_magical_seal, layout_loops_corners,
          nicolae_dithmenos_through_a_glass_darkly, serial_shops, shop,
          nicolae_ru_path_of_blood
Lair:1:   dpeg_oklob_gauntlet, layout_layer_cave,
          nicolae_volcano_entry_lava_flow, grunt_megastairs_4
Lair:2:   layout_cave_pods, minmay_shoals_entry_beasts
Lair:3:   layout_roguey, guppyfry_snake_entry_island, basic_altar,
          ebering_ghost_funeral_grove
Lair:4:   layout_small_grid, grunt_forest_large_clearings,
          infiniplex_staircase_pool, lemuel_fruit_tree
Lair:5:   nzn_motion_control, layout_cave_pods, hibernation_bobbens,
          lemuel_fruit_fields
Lair:6:   gammafunk_lair_ancient_temple, layout_gridlike, slime_altar_1,
          kilobyte_rumbling_trees
Shoals:1: layout_shoals, serial_shops, shop
Shoals:2: cheibrodos_shoals_satyrical_garden, layout_shoals, serial_shops,
          nicolae_shop_waterfront, st_cyclops
Shoals:3: layout_shoals, serial_shops,
          nicolae_shop_temple_entry_statues_fountains
Shoals:4: shoals_end_grunt_ice, layout_shoals, nicolae_shoals_isolated_beach,
          uniq_polyphemus
Snake:1:  layout_onion, minmay_shop_star
Snake:2:  layout_rooms, uniq_vashnia, uniq_asterion, uniq_agnes
Snake:3:  layout_cave_pods, grunt_megastairs_3
Snake:4:  minmay_snake_end_coiled, layout_cave_town, basic_altar,
          serial_bayou_shore_a
Orc:1:    layout_caves, uniq_erica, uniq_jorgrun
Orc:2:    grunt_orc_tribal_feast, layout_diamond_mine
Elf:1:    minmay_elf_arrival_summoners, layout_loops_corners, serial_shops,
          shop, nicolae_shop_stone, shop, shop, kennysheep_underground_church,
          nicolae_elf_stone_circles
Elf:2:    layout_geoelf_octagon
Elf:3:    elf_hall, layout_geoelf_castle, basic_altar, serial_shops, shop, shop,
          grunt_ministairs_11, minmay_crystal_room
Vaults:1: gammafunk_vaults_ghost_spectres, dpeg_vaults_monster_box,
          vaults_standard_mumra_lines, vaults_room_fancy_cross,
          vaults_room_octagon, v_pattern_1, ontoclasm_vaults_ligature,
          v_misc_28, ontoclasm_vaults_fault, ontoclasm_vaults_ring_small,
          hangedman_vaults_capsules, layout_vaults_omnibox
Vaults:2: ontoclasm_vaults_chip, hangedman_vaults_maws,
          minmay_crypt_entry_nasty_monster, nicolae_vaults_ring_of_whatevers,
          vaults_room_grunt_arrival_ludios, grunt_vaults_swirl,
          ontoclasm_vaults_loading_screen, nicolae_vaults_little_squares_4,
          vaults_dpeg_ring, layout_vaults_omnigrid
Vaults:3: ebering_vaults_ghost_inner_flame, dpeg_vaults_monster_row,
          vaults_mumra_minichess, nicolae_vaults_circle_grid_b,
          nicolae_vaults_ring_of_whatevers, v_misc_16,
          nicolae_vaults_twisting_passages, ontoclasm_vaults_ring_square,
          nicolae_vaults_asterisk, grunt_vaults_funnel,
          grunt_vaults_hallway_long, nicolae_vaults_little_squares_5,
          serial_ice_b, serial_ice_m, layout_vaults_maze_bifur, uniq_saint_roka,
          uniq_boris
Vaults:4: nicolae_vaults_circle_grid_a, hangedman_vaults_stitches, v_misc_24,
          hangedman_vaults_cutoff, hangedman_vaults_nails, st_hourglassy,
          nicolae_vaults_specimen_jars, vaults_mumra_lcd,
          layout_vaults_chaotic_city, uniq_bai_suzhen
Vaults:5: serial_shops, uniq_margery, uniq_sojobo
Depths:1: layout_cave_shapes, hell_entry, serial_shops, shop, chequers_jeans,
          kennysheep_dice, minmay_shoptagon, uniq_enchantress

Table legend:
 A = Turns spent in this place as a percentage of turns spent in the entire game.
 B = Non-inter-level travel turns spent in this place as a percentage of non-inter-level travel turns spent in the entire game.
 C = Inter-level travel turns spent in this place as a percentage of turns spent in this place.
 D = Turns resting spent in this place as a percentage of non-inter-level travel turns spent in this place.
 E = Turns spent auto-exploring this place as a percentage of non-inter-level travel turns spent in this place.
 F = Non-inter-level travel turns spent in this place divided by the number of levels of this place that you've seen.
                   A       B       C       D       E      F
               +-------+-------+-------+-------+-------+----------------------
         Total | 100.0 | 100.0 |  10.1 |  22.0 |  46.1 | 1214.5
       Dungeon |  36.2 |  35.8 |  11.1 |  31.0 |  44.3 | 1160.2
          Lair |  15.8 |  14.7 |  16.3 |  19.5 |  52.9 | 1188.0
        Shoals |   6.3 |   6.6 |   5.4 |   9.2 |  53.9 | 806.2
     Snake Pit |   9.2 |   9.7 |   5.4 |  17.3 |  45.7 | 1172.2
  Orcish Mines |   4.6 |   4.4 |  13.7 |  15.5 |  42.3 | 1080.5
   Elven Halls |   8.9 |   8.8 |  10.3 |   6.9 |  49.8 | 1430.3
        Vaults |  18.5 |  19.2 |   6.4 |  23.1 |  41.4 | 1867.4
        Depths |   0.6 |   0.7 |   0.0 |   4.3 |  37.4 | 345.0
               +-------+-------+-------+-------+-------+----------------------

Table legend:
 A = Kills in this place as a percentage of kills in entire the game.
 B = Kills by you in this place as a percentage of kills by you in the entire game.
 C = Kills by friends in this place as a percentage of kills by friends in the entire game.
 D = Other kills in this place as a percentage of other kills in the entire game.
 E = Experience gained in this place as a percentage of experience gained in the entire game.
 F = Experience gained in this place divided by the number of levels of this place that you have seen.
                   A       B       C       D       E      F
               +-------+-------+-------+-------+-------+----------------------
         Total | 100.0 | 100.0 | 100.0 | 100.0 | 100.0 | 17619.6
       Dungeon |  28.5 |  38.3 |   3.4 |  10.0 |   9.6 | 4506.7
          Lair |  12.1 |  11.4 |  14.1 |   0.0 |   6.6 | 7739.7
        Shoals |   8.2 |   3.0 |  21.5 |  20.0 |   7.1 | 12548.2
     Snake Pit |   9.1 |   4.7 |  20.1 |  30.0 |   9.7 | 17028.2
  Orcish Mines |   7.1 |   6.5 |   8.7 |   0.0 |   2.8 | 9800.0
   Elven Halls |   9.9 |  11.6 |   5.4 |   0.0 |  17.2 | 40521.3
        Vaults |  23.3 |  22.8 |  24.3 |  40.0 |  44.4 | 62554.4
        Depths |   1.8 |   1.6 |   2.4 |   0.0 |   2.6 | 18504.0
               +-------+-------+-------+-------+-------+----------------------
